 Dungeon Crawl Stone Soup version 0.29.1-15-g9cfb28693d (webtiles) character file.

Game seed: 5598779925328839186

218 101zpm the Magician (level 6, -1/40 HPs)
             Began as a Djinni Fire Elementalist on Mar 17, 2023.
             Slain by an orc wizard
             ... wielding a +0 dagger
              (2 damage)
             ... on level 4 of the Dungeon.
             The game lasted 00:04:25 (3121 turns).

101zpm the Magician (Djinni Fire Elementalist)      Turns: 3121, Time: 00:04:25

Health: -1/40      AC:  4    Str:  7    XL:     6   Next: 17%
Gold:   137        EV: 12    Int: 18    God:
                   SH:  0    Dex: 14

rFire   + + .      SeeInvis .   (no weapon)
rCold   x . .      Faith    .   (no shield)
rNeg    . . .      Spirit   .   a - +0 robe
rPois   ∞          Reflect  .   (no helmet)
rElec   .          Harm     .   k - +0 cloak
rCorr   .          Rampage  .   r - +0 pair of gloves
Will    .....                   (boots unavailable)
Stlth   ++........              (no amulet)
HPRegen 0.13/turn               (no ring)
MPRegen 0.00/turn               (no ring)

@: flying
A: sickness immunity, fire resistance 2, cold vulnerability 1, float, innate
caster, HP casting, extra vitality 1
a: no special abilities


You were on level 4 of the Dungeon.
You visited 1 branch of the dungeon, and saw 4 of its levels.

You collected 137 gold pieces.

Inventory:

Armour
 a - a +0 robe (worn)
 k - a +0 cloak (worn)
 r - a +0 pair of gloves (worn)
Scrolls
 c - 2 scrolls of teleportation {unknown}
 d - 2 scrolls of brand weapon {unknown}
 f - 2 scrolls of identify {unknown}
 i - a scroll of noise {unknown}
 j - a scroll of blinking {unknown}
 l - a scroll of enchant weapon {unknown}
 n - a scroll of enchant armour {unknown}
 o - 2 scrolls of torment {unknown}
 p - a scroll of butterflies {unknown}
Potions
 b - 2 potions of degeneration {unknown}
 e - a potion of attraction {unknown}
 g - a potion of flight {unknown}
 h - a potion of might {unknown}
 m - 2 potions of brilliance {unknown}
 q - a potion of mutation {unknown}
 s - a potion of heal wounds {unknown}


   Skills:
 + Level 0.1 Fighting
 + Level 2.5 Dodging
 + Level 2.5 Stealth
 + Level 4.5 Spellcasting


You couldn't memorise any spells.
You knew the following spells:

 Your Spells              Type           Power      Damage    Failure   Level
a - Foxfire               Conj/Fire      80%        2x1d8     2%          1
b - Scorch                Fire           40%        2d7       3%          2
c - Conjure Flame         Conj/Fire      20%        6-21      6%          3
d - Inner Flame           Hex/Fire       20%        N/A       6%          3
e - Flame Wave            Conj/Fire      20%        2d7       22%         4
f - Necrotise             Necr           80%        1d8       2%          1
g - Ensorcelled Hibernat  Hex/Ice        40%        N/A       3%          2
Your spell library was empty.

Dungeon Overview and Level Annotations

Branches:
Dungeon (4/15)
 Temple: D:4-7

Altars:


Innate Abilities, Weirdness & Mutations

You are immune to sickness and miasma.
You are immune to poison.
Your flesh is very heat resistant. (rF++)
You are vulnerable to cold. (rC-)
You float through the air rather than walking.
You learn spells naturally, not from books.
Your magical power is your life essence.
You have superior vitality. (+4 MHP)


Message History

The foxfire hits the orc.
Flame seeps out of the orc.
The orc is severely wounded.
The foxfire hits the orc.
The orc explodes!
An endoplasm comes into view.
Casting: Foxfire (safe; 2% risk of failure)
Confirm with . or Enter, or press ? or * to list all spells.
Aiming: Inner Flame (dangerous; 7% risk of failure)
Press: ? - help, Dir - move target, f - endoplasm
Aim: an endoplasm (wandering, hasn't noticed you, chance to affect: 87%)
The endoplasm quivers.
The endoplasm is filled with an inner flame.
* * * LOW HITPOINT WARNING * * *
Casting: Foxfire (safe; 2% risk of failure)
Press: ? - help, Q - select action, (/) - cycle Dir - look around, f - activate You conjure some foxfire!
* * * LOW HITPOINT WARNING * * *
The foxfire hits the endoplasm.
Flame seeps out of the endoplasm.
The endoplasm is heavily wounded.
The foxfire hits the endoplasm.
The endoplasm explodes!
You hear a shout!
Your foxfire dissipates! x2
Your magical contamination has completely faded away.
There is a strange disturbance nearby!
Casting: Foxfire (safe; 2% risk of failure)
Confirm with . or Enter, or press ? or * to list all spells.
You can't see any susceptible monsters within range! (Use Z to cast anyway.) Unknown command.
Casting: Foxfire (safe; 2% risk of failure)
Confirm with . or Enter, or press ? or * to list all spells.
Flames lash something.
* * * LOW HITPOINT WARNING * * *
You hear some strange, mumbled words.
A puff of flame appears from out of thin air!
Deactivating autopickup; reactivate with Ctrl-A.
The puff of flame hits you. You resist.
* * * LOW HITPOINT WARNING * * *
You closely miss something. Something hits you.
You die...

...... ...
.....#####...
...○........
.§)).......
........°§
).....§.§
##{....#
#.@....#
#.####.... #.# .
#####.# #.....#
#.##### #.# ##.#
###..###########


There were no monsters in sight!

Vanquished Creatures
  An ogre (D:4)
  An iguana (D:4)
  An orc wizard (D:4)
  3 adders
  2 dart slugs
  2 worms (D:2)
  3 orcs (D:4)
  A ball python (D:2)
  7 endoplasms
  6 hobgoblins
  2 quokkas (D:1)
  5 bats (D:1)
  A frilled lizard (D:1)
  5 goblins
  4 kobolds
  4 rats
48 creatures vanquished.

Vanquished Creatures (others)
  225 foxfires
225 creatures vanquished.

Grand Total: 273 creatures vanquished

Notes
Turn   | Place    | Note
-------+----------+-------------------------------------------
     0 | D:1      | 101zpm the Djinni Fire Elementalist began the quest for the
                  | Orb.
     0 | D:1      | 101zpm set off with the following spells memorised:
                  | Foxfire, Scorch, Conjure Flame, Inner Flame, Flame Wave.
     0 | D:1      | Reached XP level 1. HP: 15/15 MP: 0/0
   295 | D:1      | Reached XP level 2. HP: 6/21 MP: 0/0
   779 | D:1      | Found a faded altar of an unknown god.
   987 | D:1      | Reached skill level 3 in Spellcasting
   993 | D:1      | Reached XP level 3. HP: 17/25 MP: 0/0
   993 | D:1      | Learned a level 1 spell: Necrotise
  2159 | D:2      | Reached XP level 4. HP: 24/31 MP: 0/0
  2914 | D:4      | Reached XP level 5. HP: 27/35 MP: 0/0
  2914 | D:4      | Learned a level 2 spell: Ensorcelled Hibernation
  2977 | D:4      | Noticed an ogre
  2984 | D:4      | Killed an ogre
  2985 | D:4      | Reached skill level 4 in Spellcasting
  3102 | D:4      | Reached XP level 6. HP: 22/40 MP: 0/0
  3120 | D:4      | HP: 1/40 [something/puff of flame (3)]
  3121 | D:4      | Slain by an orc wizard

Illustrated notes

Levels and vault maps discovered:
D:1:      heliophobic_arrival_glass_houses, layout_basic,
          basic_ecumenical_altar, minmay_octomino_c4
D:2:      layout_loops_ring
D:3:      layout_basic, kennysheep_orc_sif_temple, nemelex_spade_bored_becter,
          minmay_misc_feat_enclosed, uniq_natasha
D:4:      layout_rooms, lemuel_crystal_altar, mainiacjoe_overflow_24_doors,
          uniq_menkaure

Skill      XL: |  1  2  3  4  5 |
---------------+----------------+-----
Spellcasting   | 3 4 |  4.5
Stealth        | 2 |  2.5
Fighting       | |  0.1
Dodging        | |  2.5

Action                   |  1- 3 |  4- 6 || total
-------------------------+-------+-------++-------
Melee: Unarmed           |     4 |     1 ||     5
       Punch             |     1 |       ||     1
 Cast: Foxfire           |   102 |    45 ||   147
       Scorch            |     3 |     4 ||     7
       Inner Flame       |       |     7 ||     7
       Ensorcelled Hiber |       |     2 ||     2
Armor: Robe              |     4 |     1 ||     5
Dodge: Dodged            |     9 |     2 ||    11
